 Dungeon Crawl Stone Soup version 0.23.0 (webtiles) character file.

Game seed: 18199281300928999415

1274 MalarOregon the Spear-Bearer (level 8, -11/62 HPs)
             Began as a Merfolk Gladiator on Feb 14, 2019.
             Mangled by an orc warrior
             ... wielding a +0 halberd
              (18 damage)
             ... on level 7 of the Dungeon.
             The game lasted 00:16:44 (6737 turns).

MalarOregon the Spear-Bearer (Merfolk Gladiator)    Turns: 6737, Time: 00:16:45

Health: -11/62     AC: 16    Str: 19    XL:     8   Next: 53%
Magic:  17/17      EV: 16    Int: 10    God:
Gold:   53         SH:  0    Dex: 15    Spells: 1/7 levels left

rFire    . . .     SeeInvis .   a - +0 halberd
rCold    . . .     Gourm    .   (shield currently unavailable)
rNeg     . . .     Faith    .   i - +3 leather armour
rPois    .         Spirit   .   c - +1 helmet
rElec    .         Reflect  .   (no cloak)
rCorr    .         Harm     .   n - +2 pair of gloves
MR       .....                  r - +0 pair of boots
Stlth    +.........             l - amulet of regeneration
HPRegen  0.60/turn              f - +4 ring of protection
MPRegen  0.15/turn              p - ring of magical power

@: mighty
A: change form in water, swift swim, stealthy swim
a: no special abilities


You were on level 7 of the Dungeon.
You were hungry.

You visited 1 branch of the dungeon, and saw 7 of its levels.

You collected 233 gold pieces.
You spent 180 gold pieces at shops.

Inventory:

Hand Weapons
 a - a +0 halberd (weapon)
   (You took it off a gnoll on level 3 of the Dungeon)
Missiles
 d - 3 throwing nets (quivered) {!f}
Armour
 c - a +1 helmet (worn)
 i - a +3 leather armour (worn)
   (You took it off an orc priest on level 4 of the Dungeon)
 n - a +2 pair of gloves (worn)
   (You found it on level 2 of the Dungeon)
 r - a +0 pair of boots (worn)
   (You found it on level 2 of the Dungeon)
Jewellery
 f - a +4 ring of protection (left hand)
   (You bought it in a shop on level 4 of the Dungeon)
 l - an amulet of regeneration (around neck)
   (You found it on level 2 of the Dungeon)
 p - a ring of magical power (right hand)
   (You found it on level 5 of the Dungeon)
 q - an uncursed ring of positive energy
   (You found it on level 2 of the Dungeon)
Wands
 v - a wand of digging (3)
   (You found it on level 6 of the Dungeon)
 w - a wand of polymorph (6)
   (You found it on level 6 of the Dungeon)
Scrolls
 b - 2 scrolls of remove curse {@r2}
 j - 4 scrolls of magic mapping
 m - 2 scrolls of identify {@r1}
 o - 2 scrolls of amnesia
 s - a scroll of holy word {unknown}
 t - a scroll of vulnerability {unknown}
 x - a scroll of noise {unknown}
Potions
 g - 2 potions of curing {@q1}
 h - a potion of flight {unknown}
 u - a potion of invisibility {unknown}
Comestibles
 e - 9 rations {!d}
 z - 4 chunks of flesh


   Skills:
 + Level 5.2 Fighting
 + Level 8.8 Polearms
 - Level 2.0 Throwing
 + Level 2.9 Armour
 + Level 6.8 Dodging
 + Level 2.8 Charms
 + Level 2.0 Necromancy


You had one spell level left.
You knew the following spells:

 Your Spells              Type           Power        Failure   Level  Hunger
e - Regeneration          Chrm/Necr      #.........   45%         3    ####...
q - Vampiric Draining     Necr           #.........   52%         3    ####...

Your spell library contained the following spells:

 Spells                   Type           Power        Failure   Level  Hunger
 Animate Skeleton         Necr           N/A          21%         1    ##.....
 Pain                     Necr           #...         21%         1    ##.....
 Animate Dead             Necr           N/A          89%         4    #####..


Dungeon Overview and Level Annotations

Branches:
Dungeon (7/15)
 Temple: D:4-7

Altars:
Cheibriados
Dithmenos
Elyvilon
Fedhas
Okawaru
Ru
Trog
Xom
Yredelemnul
Zin
The Shining One

Shops:
D:4 *


Message History

Attack whom?
Aim: an orc warrior, wielding a +0 halberd and wearing a +0 plate armour (heavily wounded)
You reach to attack!
You closely miss the orc warrior.
The orc warrior hits you from afar with a +0 halberd.
Unknown command.
Attack whom?
Aim: an orc warrior, wielding a +0 halberd and wearing a +0 plate armour (moderately wounded)
You reach to attack!
You hit the orc warrior. The orc warrior misses you.
A hound comes into view.
The orc priest invokes the aid of Beogh against you.
Beogh smites you!
The hound barks!
Attack whom?
Aim: an orc warrior, wielding a +0 halberd and wearing a +0 plate armour (heavily wounded)
You reach to attack!
You hit the orc warrior but do no damage.
The orc warrior hits you from afar with a +0 halberd.
You barely miss the hound. The hound barely misses you.
The orc warrior hits you from afar with a +0 halberd!
* * * LOW HITPOINT WARNING * * *
The hound bites you but does no damage.
You see here 19 gold pieces.
You hit the hound. The hound bites you but does no damage.
The hound barely misses you.
You closely miss the hound. The hound closely misses you.
The orc warrior misses you. The hound bites you.
* * * LOW HITPOINT WARNING * * *
You barely miss the hound. The hound bites you but does no damage.
The orc warrior hits you from afar with a +0 halberd!
* * * LOW HITPOINT WARNING * * *
You puncture the hound!
You hear a shout!
The hound barely misses you. The hound misses you.
The orc warrior barely misses you.
You closely miss the hound.
You are feeling hungry.
The hound closely misses you. The orc warrior misses you.
Unknown command.
You feel very mighty all of a sudden. The hound closely misses you.
The hound bites you.
* * * LOW HITPOINT WARNING * * *
You slash the hound!
You kill the hound!
The orc warrior hits you from afar with a +0 halberd!
* * * LOW HITPOINT WARNING * * *
Attack whom?
Aim: an orc warrior, wielding a +0 halberd and wearing a +0 plate armour (heavily wounded)
The orc is in the way.
You barely miss the orc.
The orc warrior hits you from afar with a +0 halberd!!
You die...

.... .##
###..# ..#
..<.. ..# #..#
..# o.. ..#
###.##o####..#
+.....).o.o#
#.###.####o#
.#...$@.#
#.../....#
#.#.####.# #
#.# #.# >.#
..# (.# ...#


You could see an orc warrior and an orc.

Vanquished Creatures
  Prince Ribbit (D:5)
  An ice beast (D:6)
  A sky beast (D:6)
  An ogre (D:4)
  A bullfrog (D:6)
  A howler monkey (D:5)
  4 crimson imps (D:3)
  3 orc priests
  2 jellies
  4 orc wizards (D:5)
  2 hounds
  A worker ant (D:5)
  Robin (D:4)
  3 gnolls
  3 adders
  A shadow imp (D:5)
  An ooze (D:1)
  An adder skeleton (D:4)
  A worm (D:2)
  4 dart slugs
  2 leopard geckos
  15 orcs
  2 ball pythons (D:1)
  3 bats
  5 giant cockroaches
  17 goblins
  17 hobgoblins
  13 jackals
  3 kobolds
  5 quokkas
  7 frilled lizards
  2 leopard gecko skeletons (D:5)
  9 rats
137 creatures vanquished.

Notes
Turn   | Place    | Note
-------+----------+-------------------------------------------
     0 | D:1      | MalarOregon the Merfolk Gladiator began the quest for the
                  | Orb.
     0 | D:1      | Reached XP level 1. HP: 16/16 MP: 1/1
    25 | D:1      | Reached XP level 2. HP: 20/23 MP: 2/2
    65 | D:1      | Reached skill level 5 in Polearms
    85 | D:1      | Reached XP level 3. HP: 10/28 MP: 3/3
   918 | D:2      | Reached XP level 4. HP: 25/34 MP: 4/4
  1117 | D:2      | Found a bloodstained altar of Trog.
  1615 | D:2      | Found a glowing golden altar of the Shining One.
  1797 | D:3      | Reached skill level 1 in Armour
  1888 | D:3      | Found a shadowy altar of Dithmenos.
  1979 | D:3      | Found a snail-covered altar of Cheibriados.
  1983 | D:3      | Found a shimmering altar of Xom.
  2110 | D:3      | Reached skill level 6 in Polearms
  2110 | D:3      | Reached XP level 5. HP: 10/41 MP: 5/5
  2117 | D:3      | Reached skill level 5 in Dodging
  2965 | D:3      | Reached XP level 6. HP: 40/47 MP: 6/6
  3154 | D:3      | Reached skill level 7 in Polearms
  3345 | D:4      | Found Dusoh's Assorted Antiques.
  3382 | D:4      | Bought a potion of lignification for 60 gold pieces
  3382 | D:4      | Bought a scroll labeled IMOCYR ETEOHAO for 20 gold pieces
  3434 | D:4      | Reached XP level 7. HP: 53/54 MP: 7/7
  3461 | D:4      | Noticed Robin
  3473 | D:4      | Killed Robin
  3484 | D:4      | Learned a level 3 spell: Regeneration
  3488 | D:4      | Learned a level 3 spell: Vampiric Draining
  3783 | D:5      | Entered Level 5 of the Dungeon
  3841 | D:5      | Noticed Prince Ribbit
  4193 | D:5      | Reached skill level 8 in Polearms
  4421 | D:5      | Found a basalt altar of Yredelemnul.
  4486 | D:5      | Killed Prince Ribbit
  4486 | D:5      | Reached skill level 1 in Charms
  4486 | D:5      | Reached skill level 1 in Necromancy
  4818 | D:5      | Found a glowing silver altar of Zin.
  4845 | D:5      | Reached XP level 8. HP: 61/61 MP: 8/8
  5183 | D:5      | Found a glowing silver altar of Zin.
  5265 | D:5      | Found a basalt altar of Yredelemnul.
  6126 | D:4      | Bought a twisted iron ring for 100 gold pieces
  6179 | D:6      | Reached skill level 5 in Fighting
  6211 | D:6      | Found a blossoming altar of Fedhas.
  6350 | D:6      | Found a white marble altar of Elyvilon.
  6565 | D:6      | Found a sacrificial altar of Ru.
  6669 | D:6      | Found an iron altar of Okawaru.
  6713 | D:6      | You fall through a shaft!
  6737 | D:7      | Mangled by an orc warrior

Skill      XL: |  1  2  3  4  5  6  7  8 |
---------------+-------------------------+-----
Polearms       | 5 6 7 8 |  8.8
Armour         | 1 2 |  2.9
Fighting       | 3 4 5 |  5.2
Dodging        | 5 6 |  6.8
Charms         | 1 2 |  2.8
Necromancy     | 1 2 |  2.0
Throwing       | |  2.0

Action                   |  1- 3 |  4- 6 |  7- 9 || total
-------------------------+-------+-------+-------++-------
Melee: Trident           |   138 |   252 |       ||   390
       Halberd           |       |    62 |   205 ||   267
Throw: Throwing net      |       |     3 |       ||     3
  Use: Potion            |       |     3 |     8 ||    11
       Scroll            |       |    11 |     4 ||    15
 Stab: Distracted        |     1 |       |       ||     1
       Sleeping          |       |     2 |     1 ||     3
  Eat: Chunk             |       |     5 |     7 ||    12
       Ration            |       |     1 |     1 ||     2
Armor: Leather armour    |    20 |    52 |    51 ||   123
       Skin              |       |    18 |     5 ||    23
Dodge: Dodged            |    73 |   136 |   130 ||   339
